 Dungeon Crawl Stone Soup version 0.31-a0-984-gbfb7dba898 (webtiles) character file.

Game seed: 4866757270995743167

21766 Malachi the Fighter (level 12, -3/153 HPs)
             Began as a Demonspawn Shapeshifter on Nov 3, 2023.
             Was a Believer of Dithmenos.
             Slain by a minotaur
             ... wielding a staff of death
              (16 damage)
             ... in a Gauntlet.
             The game lasted 00:22:48 (11672 turns).

Malachi the Fighter (Demonspawn Shapeshifter)      Turns: 11672, Time: 00:22:49

Health: -3/153     AC: 22    Str: 16    XL:     12   Next: 57%
Magic:  12/12      EV: 21    Int: 11    God:    Dithmenos [**....]
Gold:   817        SH:  0    Dex: 23    Spells: 11/11 levels left

rFire   . . .        h - +9 rapier (protect)
rCold   . . .        (no shield)
rNeg    . . .        j - +5 storm dragon scales
rPois   .            (helmet currently unavailable)
rElec   +            (cloak currently unavailable)
rCorr   .            (gloves unavailable)
SInv    .            (boots currently unavailable)
Will    .....        J - amulet of the acrobat Stlth
                     p - +5 ring of evasion
HPRegen 0.45/turn    a - +6 ring of dexterity
MPRegen 0.13/turn

%: no teleportation, acrobat
@: berserking, beast-form, under a protective aura, wreathed by umbra, very
quick
A: beast (slay +4), powered by pain 1, sturdy frame 3, demonic touch 3
a: Begin Untransformation, Renounce Religion, Shadow Step


You were in a Gauntlet.
You worshipped Dithmenos.
Dithmenos was pleased with you.
You were a hulking beast.
You visited 2 branches of the dungeon, and saw 12 of its levels.
You also visited: Bailey and Gauntlet.

You collected 817 gold pieces.

Inventory:

Hand Weapons
 h - a +9 rapier of protection (weapon)
 F - a +0 broad axe of flaming
 O - the +9 long sword of Ramp {pain, Str+5}
   (You took it off a death knight on level 9 of the Dungeon)

   Str+5:     It affects your strength (+5).
Missiles
 C - a curare-tipped dart (quivered)
Armour
 j - +5 storm dragon scales (worn)
 t - a +1 helmet
 B - +1 swamp dragon scales
 E - a +2 robe of fire resistance
 L - a +4 ring mail of willpower
 M - a +2 hat
Jewellery
 a - a +6 ring of dexterity (right hand)
 k - a ring of ice
 n - a +4 ring of protection
 p - a +5 ring of evasion (left hand)
 D - a ring of see invisible
 J - an amulet of the acrobat (around neck)
Talismans
 c - a beast talisman
 d - a flux talisman
 x - the blade talisman of the Abyss {rElec rF- Will+}
   (You found it in a Gauntlet)

   [blade talisman]

   rF-:       It makes you vulnerable to fire.
   rElec:     It insulates you from electricity.
   Will+:     It increases your willpower.
Wands
 i - a wand of charming (13)
 o - a wand of mindburst (14)
 A - a wand of polymorph (20)
 U - a wand of roots (11)
Scrolls
 f - 4 scrolls of teleportation
 r - a scroll of poison
 s - 2 scrolls of noise
 w - 2 scrolls of amnesia
 H - a scroll of silence
 I - 4 scrolls of enchant weapon
Potions
 b - 2 potions of lignification
 e - 2 potions of mutation
 g - 6 potions of curing
 l - 3 potions of haste
 m - 5 potions of might
 q - a potion of berserk rage
 u - 4 potions of invisibility {unknown}
 v - 3 potions of attraction {unknown}
 z - 3 potions of enlightenment {unknown}
 G - 2 potions of resistance {unknown}
 K - a potion of brilliance {unknown}
 R - a potion of magic {unknown}
 S - a potion of degeneration {unknown}
Miscellaneous
 y - a phial of floods
 N - a sack of spiders
 Q - a tin of tremorstones (2/2)


   Skills:
 - Level 12.0 Fighting
 + Level 9.3 Short Blades
 - Level 9.0 Dodging
 + Level 7.5 Stealth
 - Level 3.2 Unarmed Combat
 - Level 7.0 Shapeshifting


You had 11 spell levels left.
You didn't know any spells.
Your spell library contained the following spells:

 Spells                   Type           Power      Damage    Failure   Level
 Shock                    Conj/Air       0%         1d3       71%         1
 Blink                    Tloc           0%         N/A       85%         2
 Ensorcelled Hibernation  Hex/Ice        0%         N/A       85%         2
 Jinxbite                 Hex            0%         N/A       85%         2
 Lesser Beckoning         Tloc           0%         N/A       85%         2
 Momentum Strike          Conj/Tloc      0%         3d8       85%         2
 Passwall                 Tmut/Erth      0%         N/A       85%         2
 Wereblood                Tmut           0%         N/A       85%         2
 Call Canine Familiar     Summ           0%         N/A       97%         3
 Frozen Ramparts          Ice            0%         1d1       97%         3
 Stone Arrow              Conj/Erth      0%         3d7       97%         3
 Swiftness                Air            0%         N/A       97%         3
 Airstrike                Air            0%         2d(0-16)  100%        4
 Anguish                  Hex/Necr       0%         N/A       100%        4
 Animate Armour           Summ/Erth      0%         N/A       100%        4
 Brom's Barrelling Bould  Conj/Erth      0%         2d3       100%        4
 Petrify                  Tmut/Erth      0%         N/A       100%        4
 Summon Lightning Spire   Summ/Air       0%         N/A       100%        4
 Alistair's Intoxication  Tmut/Pois      0%         N/A       100%        5
 Fireball                 Conj/Fire      0%         3d3       100%        5
 Irradiate                Conj/Tmut      0%         3d11      100%        5
 Iskenderun's Battlesphe  Conj           0%         2d6       100%        5
 Metabolic Englaciation   Hex/Ice        0%         N/A       100%        5
 Summon Forest            Summ/Tloc      0%         N/A       100%        5
 Conjure Ball Lightning   Conj/Air       0%         3x3d6     100%        6
 Summon Cactus Giant      Summ           0%         N/A       100%        6
 Orb of Destruction       Conj           0%         9d5       100%        7
 Lehudib's Crystal Spear  Conj/Erth      0%         10d2      100%        8


Dungeon Overview and Level Annotations

Branches:
Dungeon (11/15)            Temple (1/1) D:7            Lair (0/5) D:11
 Bailey (visited)         Gauntlet (1/1)
    Orc: D:9-12

Altars:
Ashenzari
Cheibriados
Dithmenos
Fedhas
Gozag
Hepliaklqana
Kikubaaqudgha
Makhleb
Nemelex Xobeh
Okawaru
Qazlal
Ru
Sif Muna
Trog
Uskayaw
Vehumet
Wu Jian
Xom
Yredelemnul

Shops:
D:3 =   D:10 :

Annotations:
Gauntlet 8 transporters, 1 runed translucent door


Innate Abilities, Weirdness & Mutations

You are a hulking beast.
Your limbs bulge with bestial killing power. (Slay +4)
You sometimes gain a little power by taking damage.
Your movements are significantly less encumbered by armour. (ER -6)
Your touch may irresistibly damage your foes and sap their willpower.


Message History

The minotaur bellows!
You hit the minotaur but do no damage.
Your weapon exudes an aura of protection.
You touch the minotaur!
You sap its willpower!
The minotaur is moderately wounded.
The minotaur hits you with a staff of death!!
You writhe in agony!
The minotaur completely misses you.
You hit the minotaur but do no damage.
You touch the minotaur!
You sap its willpower!
The minotaur is moderately wounded.
You hit the minotaur but do no damage.
The minotaur is moderately wounded.
The minotaur hits you with a staff of death!
You writhe in agony!
The minotaur completely misses you.
You are too injured to fight recklessly!
You are too injured to fight recklessly!
You are too injured to fight recklessly!
You hit the minotaur but do no damage.
The minotaur is moderately wounded.
The minotaur hits you with a staff of death.
You writhe in agony.
The minotaur gores you.
You barely miss the minotaur.
You touch the minotaur!!
You sap its willpower!
The minotaur is heavily wounded.
The minotaur hits you with a staff of death!!
* * * LOW HITPOINT WARNING * * *
You writhe in agony.
* * * LOW HITPOINT WARNING * * *
The minotaur gores you but does no damage.
Okay, then.
Hit: h) +9 rapier (protect)
Press: ? - help, Dir - move target, f - minotaur
Aim: a minotaur, wielding a staff of death, wearing the +2 plate armour of Oxzuyfedd {rC+ Str+2 Stlth-} and quivering silver javelins (heavily wounded, weak-willed, umbra, about 14% to evade your +9 rapier of protection)
Okay, then.
Okay, then.
Okay, then.
Okay, then.
A red film seems to cover your vision as you go berserk!
You feel yourself moving faster!
You feel mighty!
The minotaur hits you with a staff of death!
You die...

.§..§.......8.∩.8..............≈#
#§#§#≈#§#############§#≈#≈#≈#≈###
##########.........############
##...©.©.©...## #.............#
###.###.###.### ##.###.###.###
#.............# #.###.###h###.#
........H...# #####'####### #. .
'⌠ ##


You could see a minotaur (weak-willed).

Vanquished Creatures
  Gastronok (D:8)
  A hydra (D:9)
  Erolcha (D:10)
  A death knight (D:9)
  A centaur warrior (D:9)
  3 two-headed ogres
  A tengu warrior (D:9)
  The ghost of Wizop the Arsonist, a journeyman TeFE of Vehumet (D:11)
  2 boulder beetles (D:9)
  A dancing weapon (D:11)
  The ghost of pzskc383 the Cleaver, a novice GrFi of Okawaru (D:9)
  2 orc knights (Bailey)
  2 manticores
  An ugly thing (D:9)
  A cyclops (D:9)
  2 large abominations (Gauntlet)
  Maggie (D:7)
  Jeremiah (D:8)
  An unseen horror zombie (D:8)
  A troll (D:8)
  A hornet (D:9)
  A raiju (Gauntlet)
  3 small abominations (Gauntlet)
  Sigmund (D:4)
  Eustachio (D:6)
  3 shadows (D:10)
  A vampire (D:11)
  5 yaks
  5 wyverns
  3 wraiths
  A basilisk (D:9)
  5 steam dragons
  Edmund (D:4)
  3 swamp worms (Gauntlet)
  A water moccasin (D:8)
  An acid dragon (D:10)
  9 orc warriors
  2 ice beasts (D:7)
  A sky beast (D:7)
  2 black bears
  An ogre (D:6)
  2 kobold brigands
  4 necrophages (D:8)
  3 bullfrogs
  2 scorpions
  5 wights (D:7)
  14 killer bees
  6 howler monkeys
  4 hounds
  2 jellies
  6 orc priests
  A human zombie (D:8)
  A gnoll bouda (D:6)
  An iguana (D:6)
  9 orc wizards
  3 sleepcaps
  2 howler monkey zombies (D:8)
  4 mummies (D:8)
  7 gnolls
  7 adders
  2 shadow imps
  A white imp (D:7)
  5 ufetubi
  A worm (D:2)
  3 dart slugs
  38 orcs
  5 ball pythons
  4 endoplasms
  2 giant cockroaches
  11 goblins
  6 hobgoblins
  10 kobolds
  2 quokkas (D:2)
  6 bats
  4 frilled lizards
  9 rats
269 creatures vanquished.

Vanquished Creatures (others)
  A kobold (D:8)
1 creature vanquished.

Grand Total: 270 creatures vanquished

Notes
Turn   | Place    | Note
-------+----------+-------------------------------------------
     0 | D:1      | Malachi the Demonspawn Shapeshifter began the quest for the
                  | Orb.
     0 | D:1      | Reached XP level 1. HP: 15/15 MP: 1/1
   272 | D:1      | Gained mutation: Your touch may inflict minor irresistible
                  | damage on your foes. [demonic ancestry]
   272 | D:1      | Reached XP level 2. HP: 18/21 MP: 2/2
   380 | D:1      | You fall into a shaft and drop 1 floor!
   482 | D:2      | Gained mutation: Your movements are slightly less
                  | encumbered by armour. (ER -2) [demonic ancestry]
   482 | D:2      | Reached XP level 3. HP: 25/27 MP: 3/3
  1145 | D:3      | Identified the +5 short sword "Zaamaargh" {speed, Fragile
                  | rElec rF+ rC+}
  1151 | D:3      | Reached skill level 2 in Fighting
  1158 | D:3      | Reached XP level 4. HP: 12/33 MP: 4/4
  1444 | D:3      | Found Cidepret's One-of-a-Kind Rings.
  1718 | D:4      | Identified the "Yhuug"
  1718 | D:4      | Identified the of Bodwadde
  1718 | D:4      | Identified the "Hihon"
  1745 | D:4      | Found a bloodstained altar of Trog.
  1807 | D:4      | Noticed a scorpion
  1812 | D:4      | Killed a scorpion
  1813 | D:4      | Gained mutation: You sometimes gain a little power by
                  | taking damage. [demonic ancestry]
  1813 | D:4      | Reached XP level 5. HP: 33/40 MP: 5/5
  1881 | D:4      | Reached skill level 3 in Fighting
  2109 | D:4      | Found a shimmering blue altar of Sif Muna.
  2148 | D:4      | Reached XP level 6. HP: 43/47 MP: 6/6
  2563 | D:4      | Found an opulent altar of Gozag.
  2703 | D:4      | Noticed Edmund
  2719 | D:4      | Killed Edmund
  2720 | D:4      | Reached skill level 4 in Fighting
  2829 | D:4      | Noticed Sigmund
  2841 | D:4      | Killed Sigmund
  2842 | D:4      | Reached XP level 7. HP: 47/55 MP: 7/7
  3006 | D:5      | Entered Level 5 of the Dungeon
  3006 | D:5      | Noticed a steam dragon
  3012 | D:5      | Killed a steam dragon
  3285 | D:5      | Found a sacrificial altar of Ru.
  3426 | D:5      | Reached skill level 5 in Fighting
  3755 | D:5      | Reached skill level 5 in Shapeshifting
  3795 | D:5      | Found a shimmering altar of Xom.
  3932 | D:6      | Reached skill level 5 in Dodging
  3932 | D:6      | Gained mutation: Your touch may inflict irresistible damage
                  | on your foes. [demonic ancestry]
  3932 | D:6      | Reached XP level 8. HP: 62/62 MP: 8/8
  4629 | D:6      | Noticed Eustachio
  4651 | D:6      | Killed Eustachio
  4652 | D:6      | Reached skill level 6 in Fighting
  5380 | D:7      | Found a staircase to the Ecumenical Temple.
  5452 | D:7      | Noticed Maggie
  5463 | D:7      | Killed Maggie
  5464 | D:7      | Gained mutation: Your touch may irresistibly damage your
                  | foes and sap their willpower. [demonic ancestry]
  5464 | D:7      | Reached XP level 9. HP: 57/71 MP: 9/9
  5526 | D:7      | Found a stormy altar of Qazlal.
  5686 | D:7      | Reached skill level 7 in Fighting
  5702 | D:7      | Reached skill level 1 in Short Blades
  6070 | D:8      | Noticed Gastronok
  6073 | D:8      | Found a flagged portal.
  6088 | D:8      | Killed Gastronok
  6089 | D:8      | Reached skill level 8 in Fighting
  6289 | Bailey   | Entered a bailey
  6311 | Bailey   | Gained mutation: Your movements are less encumbered by
                  | armour. (ER -4) [demonic ancestry]
  6311 | Bailey   | Reached XP level 10. HP: 73/80 MP: 10/10
  6514 | Bailey   | Noticed an orc knight
  6528 | Bailey   | Noticed an orc knight
  6539 | Bailey   | Killed an orc knight
  6598 | Bailey   | Killed an orc knight
  6725 | D:8      | Reached skill level 9 in Fighting
  6834 | D:8      | Identified the +5 ring mail "Sietuwua" {rF+ Str+4 Dex-4
                  | SInv}
  7033 | D:8      | Found a hide-covered altar of Uskayaw.
  7133 | D:8      | Noticed Jeremiah
  7139 | D:8      | Reached skill level 5 in Short Blades
  7191 | D:8      | Killed Jeremiah
  7464 | D:8      | Found a basalt altar of Yredelemnul.
  7549 | Temple   | Entered the Ecumenical Temple
  7565 | Temple   | Became a worshipper of Dithmenos the Shadowed
  8444 | D:7      | Gained mutation: Your movements are significantly less
                  | encumbered by armour. (ER -6) [demonic ancestry]
  8444 | D:7      | Reached XP level 11. HP: 90/90 MP: 11/11
  8484 | D:9      | Identified the "Tofyfuh"
  8484 | D:9      | Identified the of Uluryasm
  8510 | D:9      | Found a runed translucent door.
  8707 | D:9      | Noticed a two-headed ogre
  8724 | D:9      | Reached skill level 10 in Fighting
  8731 | D:9      | Reached * piety under Dithmenos
  8732 | D:9      | Reached skill level 1 in Stealth
  8735 | D:9      | Killed a two-headed ogre
  8756 | D:9      | Noticed a two-headed ogre
  8766 | D:9      | Killed a two-headed ogre
  8849 | D:9      | Noticed a boulder beetle
  8880 | D:9      | Killed a boulder beetle
  8886 | D:9      | Noticed a tengu warrior
  8898 | D:9      | Killed a tengu warrior
  8926 | D:9      | Noticed a four-headed hydra
  8934 | D:9      | Killed a four-headed hydra
  9003 | D:9      | Noticed a boulder beetle
  9023 | D:9      | Killed a boulder beetle
  9024 | D:9      | Reached skill level 11 in Fighting
  9193 | D:9      | Noticed a cyan ugly thing
  9202 | D:9      | Killed a cyan ugly thing
  9225 | D:9      | Identified the +9 long sword of Ramp {pain, Str+5}
  9225 | D:9      | Noticed a death knight
  9234 | D:9      | Killed a death knight
  9235 | D:9      | Reached skill level 5 in Stealth
  9247 | D:9      | Noticed a centaur warrior
  9533 | D:9      | Killed a centaur warrior
  9684 | D:9      | Reached XP level 12. HP: 100/100 MP: 12/12
  9817 | D:9      | Noticed pzskc383's ghost (novice GrFi)
  9930 | D:9      | Killed pzskc383's ghost
 10163 | D:10     | Entered Level 10 of the Dungeon
 10215 | D:10     | Found a snail-covered altar of Cheibriados.
 10291 | D:10     | Noticed a two-headed ogre
 10299 | D:10     | Killed a two-headed ogre
 10424 | D:10     | Reached ** piety under Dithmenos
 10612 | D:10     | Found a blossoming altar of Fedhas.
 10614 | D:10     | Found a burning altar of Makhleb.
 10653 | D:10     | Noticed Erolcha
 10658 | D:10     | Killed Erolcha
 10766 | D:10     | Found Tepyfacs's Tremendous Tomes.
 10849 | D:11     | Found a runed translucent door.
 10855 | D:11     | Found a shimmering altar of Xom.
 10855 | D:11     | Noticed Wizop's ghost (journeyman TeFE)
 10893 | D:11     | Killed Wizop's ghost
 10894 | D:11     | Reached skill level 12 in Fighting
 11130 | D:11     | Found a gate leading to a gauntlet.
 11137 | Gauntlet | Entered a Gauntlet
 11137 | Gauntlet | Found a transporter.
 11137 | Gauntlet | Found a transporter.
 11153 | Gauntlet | Found a transporter.
 11195 | Gauntlet | Found a transporter.
 11198 | Gauntlet | Found a transporter.
 11198 | Gauntlet | Found a transporter.
 11201 | Gauntlet | Found a transporter.
 11245 | Gauntlet | Found a transporter.
 11249 | Gauntlet | Found a transporter.
 11249 | Gauntlet | Found a transporter.
 11253 | Gauntlet | Found a runed translucent door.
 11266 | Gauntlet | Found a transporter.
 11285 | Gauntlet | Found a transporter.
 11286 | Gauntlet | Found a runed translucent door.
 11295 | Gauntlet | Found a transporter.
 11295 | Gauntlet | Noticed a catoblepas
 11311 | Gauntlet | Found a transporter.
 11375 | Gauntlet | Identified the blade talisman of the Abyss {rElec rF-
                  | Will+}
 11663 | Gauntlet | Identified the +2 plate armour of Oxzuyfedd {rC+ Str+2
                  | Stlth-}
 11663 | Gauntlet | Noticed a minotaur
 11672 | Gauntlet | Slain by a minotaur

Illustrated notes

Levels and vault maps discovered:
D:1:      minmay_arrival_hallway, layout_rooms
D:2:      layout_basic, grunt_ministairs_13
D:3:      layout_rooms, general_overflow_altar, nicolae_shop_unique_rings
D:4:      layout_loops_ring, kennysheep_mini_moat, kennysheep_mini,
          mainiacjoe_overflow_six_doors_small, sigmund_edmund_badplayer
D:5:      layout_loops_ring, lemuel_coloured_pillars_altar,
          nicolae_ru_path_of_blood, bh_walls_and_bars
D:6:      layout_layer_cave, nicolae_grassy_gnolls, uniq_sigmund, uniq_eustachio
D:7:      minmay_recursive_quarters, layout_cave_pools,
          nicolae_qazlal_scattered_showers, minmay_temple_entry_trees,
          lemuel_flame_loot_1, uniq_maggie
D:8:      layout_rooms, elyvilon_altar_1, lemuel_round_altar,
          lemuel_mausoleum_altar_yredelemnul, enter_bailey_5, uniq_gastronok,
          uniq_jeremiah
D:9:      minmay_the_grid_octo_triangle [minmay_the_grid_octo_fat_diamond,
          minmay_the_grid_octo_prize_star, minmay_the_grid_octo_thin_diamonds],
          layout_stronghold, zin_statuary, ebering_ghost_reflecting_pool,
          serial_park_tiny_1
D:10:     layout_roguey, nicolae_overflow_hidden_temple,
          mainiacjoe_overflow_small_starburst, nicolae_shop_i_like_big_books,
          uniq_erolcha
D:11:     layout_gridville, hellmonk_lair_entry_icy, ebering_ghost_xom,
          gauntlet_entry_generic
Temple:   nicolae_temple_colour_theory
Gauntlet: gammafunk_gauntlet_mixed_choke_point
          [minmay_gauntlet_arena_77_chump_sandwich,
          minmay_gauntlet_arena_77_squiggly,
          minmay_gauntlet_arena_77_broken_ladder,
          nicolae_gauntlet_arena_flowing_pool, minmay_gauntlet_arena_77_fan,
          minmay_gauntlet_arena_77_cramped,
          minmay_gauntlet_arena_77_tiled_triplets, gauntlet_exit_hidden_loot]

Skill      XL: |  1  2  3  4  5  6  7  8  9 10 11 12 |
---------------+-------------------------------------+-----
Dodging        | 2 3 4 5 6 7 8 9 |  9.0
Unarmed Combat | 3 |  3.2
Shapeshifting  | 3 4 5 6 7 |  7.0
Fighting       | 2 3 4 5 6 8 9 11 12 | 12.0
Short Blades   | 3 5 8 9 |  9.3
Stealth        | 5 7 |  7.5

Action                     |  1- 3 |  4- 6 |  7- 9 | 10-12 || total
---------------------------+-------+-------+-------+-------++-------
  Melee: Unarmed           |    88 |     2 |       |       ||    90
         Touch             |     8 |    20 |    39 |   114 ||   181
         Punch             |     2 |     1 |     4 |    18 ||    25
         Short sword       |       |    89 |   204 |   157 ||   450
         Rapier            |       |       |       |   281 ||   281
  Throw: Dart              |       |       |       |     2 ||     2
  Evoke: Wand              |       |       |       |    17 ||    17
    Use: Scroll            |       |       |    16 |    20 ||    36
         Potion            |       |       |     1 |     4 ||     5
   Stab: Sleeping          |       |       |     1 |     6 ||     7
 Armour: Animal skin       |     9 |       |       |       ||     9
         Ring mail         |    37 |    39 |    22 |       ||    98
         Robe              |       |       |    18 |       ||    18
         Swamp dragon scal |       |       |    29 |   124 ||   153
         Storm dragon scal |       |       |       |    19 ||    19
  Dodge: Dodged            |    37 |    50 |   192 |   365 ||   644

Table legend: (Time is in decaauts)
 A = Elapsed time spent in this place.
 B = Non-inter-level travel time spent in this place.
 C = Inter-level travel time spent in this place.
 D = Time resting spent in this place.
 E = Time spent auto-exploring this place.
 F = Levels seen in this place.
 G = Mean time per level.
                   A        B        C        D        E       F      G
               +--------+--------+--------+--------+--------+-----+--------+
         Total |  11506 |  10595 |    911 |   1382 |   6810 |  14 |  821.9 |
       Dungeon |  10549 |   9651 |    898 |   1208 |   6681 |  11 |  959.0 |
        Temple |     30 |     17 |     13 |      0 |      0 |   1 |   30.0 |
        Bailey |    403 |    403 |      0 |     90 |     78 |   1 |  403.0 |
      Gauntlet |    523 |    523 |      0 |     84 |     51 |   1 |  523.0 |
               +--------+--------+--------+--------+--------+-----+--------+

Top non-repeatable levels by time:
     D:9: 1660 daAuts
     D:4: 1373 daAuts
     D:6: 1278 daAuts
     D:5: 1091 daAuts
     D:8: 1073 daAuts
     D:7: 1063 daAuts
     D:2: 738 daAuts
     D:1: 664 daAuts
     D:3: 642 daAuts
    D:10: 628 daAuts
Gauntlet: 523 daAuts
  Bailey: 403 daAuts
    D:11: 334 daAuts
  Temple: 30 daAuts
